 Dungeon Crawl Stone Soup version 0.23.0 (webtiles) character file.

Game seed: 14265417628113249361

1350 Monsterracer the Insei (level 8, 0/61 HPs)
             Began as a Vampire Chaos Knight on Feb 13, 2019.
             Was a Plaything of Xom.
             Killed by divine providence
             ... invoked by an orc priest
              (10 damage)
             ... on level 6 of the Dungeon.
             The game lasted 00:05:51 (5253 turns).

Monsterracer the Insei (Vampire Chaos Knight)       Turns: 5253, Time: 00:05:52

Health: 0/61       AC: 11    Str: 13    XL:     8   Next: 36%
Magic:  17/17      EV: 13    Int: 15    God:    Xom [.....*]
Gold:   182        SH:  5    Dex: 13    Spells: 7/7 levels left

rFire    + . .     SeeInvis +     - Unarmed
rCold    . . .     Gourm    .   b - +0 buckler
rNeg     . . .     Faith    .   a - +3 leather armour
rPois    .         Spirit   .   (helmet restricted)
rElec    .         Reflect  .   (no cloak)
rCorr    .         Harm     .   (no gloves)
MR       .....                  j - +2 pair of boots
Stlth    ++........             (no amulet)
HPRegen  0.40/turn              F - ring of protection from fire {!d}
MPRegen  0.15/turn              i - ring of magical power

@: regenerating quickly
A: rotting body, fangs 3, horns 1, yellow scales 1, see invisible, unbreathing
a: Renounce Religion


You were on level 6 of the Dungeon.
You worshipped Xom.
You were Xom's teddy bear.
You were almost alive.

You visited 1 branch of the dungeon, and saw 6 of its levels.

You collected 182 gold pieces.

Inventory:

Armour
 a - a +3 leather armour (worn)
 b - a +0 buckler (worn)
 j - a +2 pair of boots (worn)
Jewellery
 h - an uncursed ring of resist corrosion
 i - a ring of magical power (right hand)
 F - a ring of protection from fire (left hand) {!d}
Wands
 c - a wand of flame (27)
 s - a wand of iceblast (4)
Scrolls
 g - a scroll of enchant weapon {unknown}
 l - 2 scrolls of enchant armour
 m - a scroll of blinking {unknown}
 r - a scroll of remove curse
 t - 2 scrolls of teleportation {!r}
Potions
 d - 2 potions of heal wounds
 e - 2 potions of curing
 f - a potion of flight {unknown}
 k - a potion of cancellation {unknown}
 n - a potion of lignification
 o - 2 potions of agility
 p - a potion of haste {unknown}
 q - 10 potions of blood


   Skills:
 + Level 4.9 Fighting
 - Level 0.7 Armour
 + Level 4.5 Dodging
 + Level 4.4 Stealth
 + Level 3.6 Shields
 * Level 7.9 Unarmed Combat


You had 7 spell levels left.
You didn't know any spells.
Your spell library was empty.

Dungeon Overview and Level Annotations

Branches:
Dungeon (6/15)             Temple (0/1) D:6

Altars:
Ashenzari
Cheibriados
Dithmenos
Gozag
Xom


Innate Abilities, Weirdness & Mutations

Your body is rotting away.
You thrive on raw meat.
Your natural rate of healing is unusually fast.
You have razor-sharp teeth.
You have supernaturally acute eyesight. (SInv)
You can survive without breathing.
You have a pair of small horns on your head.
You are partially covered in yellow scales. (AC +2)


Message History

The crimson imp summons a swarm of flies.
The crimson imp barely misses you.
The crimson imp laughs crazily.
The crimson imp blinks!
You hear Xom's maniacal cackling.
Your body is suffused with distortional energy.
A pair of horns grows on your head!
The ufetubus disappears in a puff of smoke!
The chaos spawn degenerates into a cloud of primal chaos!
Yummy - fresh blood!
Yummy - fresh blood!
Yummy - fresh blood!
There is an escape hatch in the ceiling here.
There is an escape hatch in the ceiling here.
Xom alters the dungeon around you.
Health restored: 61
There is a shimmering altar of Xom here.
There is a shimmering altar of Xom here.
Found a stone staircase leading down.
A killer bee comes into view.
An orc and an orc warrior come into view.
The killer bee buzzes angrily.
You hear an angry buzzing noise.
The orc shouts!
You hear an angry buzzing noise.
An orc priest comes into view. It is wielding a +0 club.
The orc warrior shouts!
There are monsters nearby!
The killer bee buzzes angrily.
You hear an angry buzzing noise.
The orc priest shouts!
You hear an angry buzzing noise.
A killer bee comes into view.
You block the killer bee's attack. You block the orc's attack.
The killer bee stings you but does no damage.
The orc priest calls down the wrath of Beogh upon you.
Beogh smites you!
You take 8 damage, and have 53/61 hp.
The killer bee stings you.
You take 1 damage, and have 52/61 hp.
You block the killer bee's attack.
The orc priest invokes the aid of Beogh against you.
Beogh smites you!
You take 11 damage, and have 41/61 hp.
The killer bee stings you but does no damage.
You block the killer bee's attack.
You punch the killer bee!
The killer bee is heavily wounded.
The killer bee misses you.
You punch the killer bee! Your headbutt misses the killer bee.
The killer bee is heavily wounded.
The killer bee barely misses you. You block the killer bee's attack.
The killer bee misses you. The killer bee barely misses you.
You closely miss the killer bee.
The killer bee is heavily wounded.
The killer bee barely misses you. The killer bee misses you.
You block the killer bee's attack.
The killer bee stings you but does no damage.
The killer bee stings you but does no damage.
You punch the killer bee!
You kill the killer bee!
You punch the killer bee! You headbutt the killer bee.
You kill the killer bee!
You closely miss the orc warrior. You hit the orc warrior.
The orc warrior is moderately wounded.
You block the orc warrior's attack.
You closely miss the orc warrior.
The orc warrior is moderately wounded.
The orc priest calls upon Beogh to heal the orc warrior.
The orc warrior is healed somewhat.
You block the orc warrior's attack.
You hit the orc warrior.
The orc warrior is lightly wounded.
The orc warrior misses you.
You hit the orc warrior.
You headbutt the orc warrior, but do no damage.
Your bite misses the orc warrior.
The orc warrior is moderately wounded.
The orc priest calls upon Beogh to heal the orc warrior.
The orc warrior is healed somewhat.
You hear an angry buzzing noise.
You hit the orc warrior but do no damage.
The orc warrior is lightly wounded.
You block the orc warrior's attack.
You closely miss the orc warrior.
The orc warrior is lightly wounded.
The orc warrior hits you with a +0 dire flail!
* * * LOW HITPOINT WARNING * * *
You take 17 damage, and have 29/61 hp.
MASSIVE DAMAGE!!
Unknown command.
The orc priest looks encouraged for a moment.
The orc priest calls down the wrath of Beogh upon you.
Beogh smites you!
* * * LOW HITPOINT WARNING * * *
You take 11 damage, and have 19/61 hp.
The orc priest invokes the aid of Beogh against you.
Beogh smites you!
* * * LOW HITPOINT WARNING * * *
You take 9 damage, and have 10/61 hp.
The orc priest calls down the wrath of Beogh upon you.
Beogh smites you!
You die...
Xom titters!

#..........#
#...###.####
...##....###
#....>......
#####..#.#
#...###.####
#####..#.# ##..#
#.# .......#.#
#..# #.#
######.#.#
##..###.######
#.#.#
#............#
#.#.#
#.#†########.#
###.#.#######@#.#
#.#
#.....o..o.o....#
#.#
#.#.#.#######...#
###.#
#.#..#.######...#
##.#.# #
#.###y>.......#
##.#..#
##...y######.##
##.###.## #...o.#
#.# #.##..<.#
#......oo.# #.#
##.#.#.##
#.##......# #.#
##...##


You could see an orc warrior, an orc priest and an orc.

Vanquished Creatures
  A water moccasin (D:6)
  2 ogres
  2 phantoms
  A sky beast (D:6)
  2 killer bees (D:6)
  A howler monkey (D:4)
  2 crimson imps
  An orc priest (D:3)
  A hound (D:4)
  A jelly (D:6)
  A bullfrog skeleton (D:4)
  An orc wizard (D:5)
  Jessica (D:2)
  Terence (D:3)
  3 iguanas
  3 worker ants
  A gnoll (D:1)
  A worker ant zombie (D:5)
  8 adders
  A shadow imp (D:6)
  An ooze (D:1)
  3 adder zombies
  A worm (D:3)
  2 dart slugs
  2 leopard geckos (D:1)
  15 orcs
  5 ball pythons
  6 giant cockroaches
  9 goblins
  5 hobgoblins
  7 jackals
  5 kobolds
  5 quokkas
  8 bats
  4 frilled lizards
  A quokka zombie (D:5)
  3 rats (D:2)
117 creatures vanquished.

Vanquished Creatures (collateral kills)
  A bullfrog zombie (D:5)
  A worker ant (D:5)
  An adder (D:5)
  A shadow imp (D:5)
  An orc (D:5)
  A quokka skeleton (D:5)
6 creatures vanquished.

Grand Total: 123 creatures vanquished

Notes
Turn   | Place    | Note
-------+----------+-------------------------------------------
     0 | D:1      | Monsterracer the Vampire Chaos Knight began the quest for
                  | the Orb.
     0 | D:1      | Reached XP level 1. HP: 17/17 MP: 1/1
   194 | D:1      | XOM: silly message
   220 | D:1      | XOM: harmless Chrm miscast
   295 | D:1      | Reached XP level 2. HP: 22/23 MP: 2/2
   357 | D:1      | Reached skill level 4 in Unarmed Combat
   652 | D:1      | Reached XP level 3. HP: 24/29 MP: 3/3
  1202 | D:2      | HP: 14/29 [kobold/+0 short sword (2)]
  1298 | D:2      | Reached skill level 1 in Shields
  1298 | D:2      | Reached XP level 4. HP: 22/35 MP: 4/4
  1302 | D:2      | HP: 17/35 [poisoned by an adder]
  1307 | D:2      | HP: 15/35 [poisoned by an adder]
  1313 | D:2      | HP: 13/35 [poisoned by an adder]
  1318 | D:2      | HP: 12/35 [poisoned by an adder]
  1325 | D:2      | HP: 12/35 [poisoned by an adder]
  1333 | D:2      | HP: 13/35 [poisoned by an adder]
  1474 | D:2      | Found an opulent altar of Gozag.
  1525 | D:2      | Noticed Jessica
  1535 | D:2      | Killed Jessica
  1540 | D:2      | Reached skill level 5 in Unarmed Combat
  1634 | D:2      | Found a shattered altar of Ashenzari.
  1962 | D:3      | HP: 14/35 [worm (11)]
  2104 | D:3      | Found a shadowy altar of Dithmenos.
  2104 | D:3      | Found a snail-covered altar of Cheibriados.
  2121 | D:3      | XOM: potion effect (might)
  2125 | D:3      | HP: 11/35 [orc priest/divine providence (16)]
  2125 | D:3      | XOM: butterfly on damage
  2128 | D:3      | HP: 5/35 [orc priest/+0 club (1)]
  2129 | D:3      | Reached XP level 5. HP: 6/41 MP: 5/5
  2130 | D:3      | HP: 1/41 [orc/+0 trident (5)]
  2431 | D:3      | XOM: cloud trail
  2655 | D:3      | Noticed Terence
  2660 | D:3      | HP: 21/42 [Terence/+0 flail (6)]
  2661 | D:3      | Killed Terence
  2737 | D:3      | XOM: cloud trail
  2814 | D:3      | XOM: divination: detect items
  2926 | D:4      | XOM: harmless Summ miscast
  2985 | D:4      | XOM: divination: detect items
  3074 | D:4      | Reached XP level 6. HP: 48/48 MP: 6/6
  3302 | D:4      | XOM: noise
  3335 | D:4      | XOM: harmless Pois miscast
  3408 | D:4      | XOM: harmless Hex miscast
  3439 | D:4      | Reached skill level 6 in Unarmed Combat
  3695 | D:5      | Entered Level 5 of the Dungeon
  3813 | D:5      | XOM: confusion (+ monsters)
  3822 | D:5      | XOM: smoke on damage
  3829 | D:5      | XOM: scenery: 2 doors open, 1 doors close
  3856 | D:5      | XOM: summons friendly ufetubus
  3877 | D:5      | XOM: 1-stop teleportation journey
  3920 | D:5      | Reached skill level 1 in Stealth
  3920 | D:5      | Reached XP level 7. HP: 53/54 MP: 7/7
  3929 | D:5      | XOM: enchant monster (good)
  4025 | D:5      | XOM: cleaving
  4206 | D:5      | XOM: summons 4 friendly demons
  4300 | D:5      | XOM: give mutation
  4300 | D:5      | Gained mutation: You are partially covered in yellow
                  | scales. (AC +2) [Xom's grace]
  4317 | D:5      | XOM: harmless Pois miscast
  4621 | D:6      | Reached skill level 7 in Unarmed Combat
  4637 | D:6      | Found a staircase to the Ecumenical Temple.
  4648 | D:6      | HP: 21/55 [ogre/+0 giant club (17)]
  4648 | D:6      | XOM: butterfly on damage
  4770 | D:6      | XOM: 5-stop teleportation journey
  4773 | D:6      | XOM: 2-stop teleportation journey
  4833 | D:6      | XOM: harmless Pois miscast
  4859 | D:6      | Reached XP level 8. HP: 54/61 MP: 8/8
  4937 | D:6      | XOM: mild Chrm miscast
  5068 | D:6      | XOM is BORED!
  5068 | D:6      | XOM: summons 4 hostile demons
  5081 | D:6      | HP: 25/61 [chaos spawn[Xom] (14)]
  5095 | D:6      | XOM: give mutation
  5095 | D:6      | Gained mutation: You have a pair of small horns on your
                  | head. [Xom's grace]
  5182 | D:6      | XOM: scenery: create altars
  5247 | D:6      | HP: 29/61 [orc warrior/+0 dire flail (17)]
  5251 | D:6      | HP: 10/61 [orc priest/divine providence (10)]
  5253 | D:6      | Killed from afar by an orc priest

Skill      XL: |  1  2  3  4  5  6  7  8 |
---------------+-------------------------+-----
Unarmed Combat | 4 5 6 7 |  7.9
Fighting       | 3 4 |  4.9
Shields        | 1 2 3 |  3.6
Dodging        | 3 4 |  4.5
Stealth        | 1 3 4 |  4.4
Armour         | |  0.7

Action                   |  1- 3 |  4- 6 |  7- 9 || total
-------------------------+-------+-------+-------++-------
Melee: Unarmed           |   155 |   228 |   228 ||   611
       Bite              |    11 |    28 |    28 ||    67
       Punch             |     1 |       |       ||     1
       Headbutt          |       |       |     2 ||     2
  Use: Potion            |    10 |    11 |    10 ||    31
       Scroll            |       |     8 |     6 ||    14
 Stab: Sleeping          |       |     1 |     3 ||     4
       Distracted        |       |       |     1 ||     1
       Petrified         |       |       |     1 ||     1
Armor: Leather armour    |    44 |    49 |    71 ||   164
Dodge: Dodged            |    95 |   106 |   109 ||   310
Block: Buckler           |    12 |    35 |    51 ||    98

Levels and vault maps discovered:
D:1:      ncdulo_wetmaze, layout_loops_corners
D:2:      layout_rooms, grunt_gozag_breadcrumbs, first_ration,
          ashenzari_altar_1, uniq_jessica
D:3:      layout_loops_ring, chequers_temple_overflow_statue_of_worship,
          uniq_terence
D:4:      layout_gridville
D:5:      layout_basic
D:6:      layout_loops_ring, minmay_temple_entry_glassed_door
